 Dungeon Crawl Stone Soup version 0.14-a0-30-gf0b6e91 (webtiles) character file.

424 PolkaDot the Stinger (level 5, 0/35 HPs)
             Began as a Vampire Venom Mage on Sept 27, 2013.
             Slain by an orc wizard
             ... wielding a +0,+3 orcish short sword
              (4 damage)
             ... on Level 4 of the Dungeon.
             The game lasted 00:16:12 (3308 turns).

PolkaDot the Stinger (Vampire Venom Mage)           Turns: 3308, Time: 00:16:13

HP   0/35        AC  3     Str  7      XL: 5   Next: 92%
MP   0/10        EV 12     Int 18      God:
Gold 168         SH  0     Dex 14      Spells:  2 memorised,  3 levels left

Res.Fire  : . . .   See Invis. : +   o - -2 dagger
Res.Cold  : . . .   Warding    : .   a - +0 robe
Life Prot.: . . .   Conserve   : .   (no shield)
Res.Poison: .       Res.Corr.  : .   (no helmet)
Res.Elec. : .       Clarity    : .   k - +0 cloak
Sust.Abil.: . .     Spirit.Shd : +   (no gloves)
Res.Mut.  : .       Stasis     : .   (no boots)
Res.Rott. : .       Flight     : .   g - amulet of guardian spirit
Saprovore : . . .                    (no ring)
                                     (no ring)

@: regenerating quickly, very slightly contaminated, hasted and slowed, slightly
resistant to hostile enchantments, stealthy
A: fangs 3, see invisible, unbreathing
a: no special abilities


You were on level 4 of the Dungeon.
You were full.

You visited 1 branch of the dungeon, and saw 4 of its levels.

You collected 148 gold pieces.

Inventory:

Hand weapons
 h - a +1,+1 orcish dagger
 o - a -2,-2 dagger (weapon)
Armour
 a - a +0 robe (worn)
 k - a +0 cloak (worn)
Magical devices
 j - a wand of teleportation (0) {unknown}
Scrolls
 d - a scroll of fog
Jewellery
 g - an amulet of guardian spirit (around neck)
Books
 b - a Young Poisoner's Handbook

   Spells                             Type                      Level
   *Sting                             Conjuration/Poison           1
   Cure Poison                        Poison                       2
   Mephitic Cloud                     Conjuration/Poison/Air       3
   *Olgreb's Toxic Radiance           Poison                       4
   Venom Bolt                         Conjuration/Poison           5


   Skills:
 - Level 2.1 Dodging
 - Level 3.0 Stealth
 - Level 2.0 Spellcasting
 + Level 1.9 Conjurations
 * Level 5.7 Poison Magic


You had 3 spell levels left.
You knew the following spells:

 Your Spells              Type           Power        Failure   Level  Hunger
a - Sting                 Conj/Pois      ###.         4%          1    #......
z - Olgreb's Toxic Radia  Pois           ###.....     21%         4    #####..


Dungeon Overview and Level Annotations

Branches:
Dungeon (4/27)
 Temple: D:4-7

Altars:

Annotations:
D:3 Grinder


Innate Abilities, Weirdness & Mutations

Your natural rate of healing is unusually fast.
You have razor-sharp teeth.*
You have supernaturally acute eyesight.
You can survive without breathing.*


Message History

The orc wizard hits you with an orcish short sword!
You hit the orc wizard.
The orc wizard is severely wounded.
The orc wizard hits you with an orcish short sword.
Casting: Sting
Confirm with . or Enter, or press ? or * to list all spells.
Aiming: Sting
Press: ? - help, Shift-Dir - straight line, f/p - orc wizard
Aim: an orc wizard, wielding an orcish short sword and wearing an orcish robe (severely wounded, moving very quickly)
The sting hits the orc wizard.
The orc wizard is poisoned.
The orc wizard is severely wounded.
The orc wizard hits you with an orcish short sword.
* * * LOW HITPOINT WARNING * * *
The orc wizard hits you with an orcish short sword.
* * * LOW HITPOINT WARNING * * *
Casting: Sting
Confirm with . or Enter, or press ? or * to list all spells.
You don't have enough magic to cast that spell.
The orc wizard hits you with an orcish short sword.
You die...

###### #....# ####....####
............# #...@##.#
.####...o##.###
...(........<.###########
.............).)....ยง....
####....#.....##########
#....#.....# ............#
.?###.##.....# .
..........


You could see an orc wizard.

Vanquished Creatures
  The ghost of katzbalger the Slasher, a weakling MiAK of Lugonu (D:3)
  Crazy Yiuf (D:3)
  An orc wizard (D:4)
  Ijyb (D:4)
  8 adders
  3 giant geckos (D:3)
  4 oozes
  2 orcs
  A giant cockroach (D:3)
  9 hobgoblins
  4 jackals (D:1)
  2 quokkas (D:3)
  2 ball pythons (D:2)
  6 bats
  4 giant newts (D:1)
  8 goblins
  6 kobolds
  10 rats
73 creatures vanquished.

Notes
Turn   | Place    | Note
--------------------------------------------------------------
     0 | D:1      | PolkaDot, the Vampire Venom Mage, began the quest for the Orb.
     0 | D:1      | Reached XP level 1. HP: 13/13 MP: 4/4
   262 | D:1      | Reached skill level 4 in Poison Magic
   264 | D:1      | Reached XP level 2. HP: 19/19 MP: 1/5
  1022 | D:2      | Reached XP level 3. HP: 24/24 MP: 4/6
  1835 | D:2      | Reached XP level 4. HP: 30/30 MP: 4/8
  2356 | D:3      | Learned a level 4 spell: Olgreb's Toxic Radiance
  2398 | D:3      | Noticed Grinder
  2414 | D:3      | Noticed katzbalger's ghost (weakling MiAK)
  2430 | D:3      | Killed katzbalger's ghost
  2430 | D:3      | Reached skill level 1 in Conjurations
  2430 | D:3      | Reached skill level 5 in Poison Magic
  2466 | D:3      | Reached XP level 5. HP: 35/35 MP: 10/10
  3006 | D:3      | Noticed Crazy Yiuf
  3018 | D:3      | Killed Crazy Yiuf
  3120 | D:4      | Noticed Ijyb
  3128 | D:4      | Killed Ijyb
  3308 | D:4      | Slain by an orc wizard

Action                   |  1- 3 |  4- 6 || total
-------------------------+-------+-------++-------
Melee: Club              |     6 |       ||     6
       Dagger            |    57 |    86 ||   143
 Cast: Sting             |    71 |    69 ||   140
Evoke: Wand              |       |     1 ||     1
  Use: Scroll            |     6 |     9 ||    15
       Potion            |       |    11 ||    11
 Stab: Sleeping          |       |     7 ||     7
       Invisible         |       |     4 ||     4
